Workbook

Sheet SECTION 1
A1: DS35 - BOQ - WINBURG/MAKELEKETLA: CONSTRUCTION OF OUTFALL SEWER AND RECTIFICATION OF EXISTING SEWER NETWORK
A2: ITEM | B2: PAYMENT | C2: DESCRIPTION | D2: UNIT | E2: QTY | F2: RATE | G2: AMOUNT
A3: 1 | C3: SECTION 1 : PRELIMINARY AND GENERAL
A4: 1.1 | B4: SABS 1200 A | C4: FIXED COST ITEMS
A5: 1.1.1 | B5: 8.3.1 | C5: Contractual Requirements (Civil, Mechanical & Electrical) | D5: Sum | E5: 1
B6: SABS 1200 AB | C6: Establish facilities on site
B7: 8.3.2.1 | C7: a) Facilities for Engineer
A8: 1.1.2 | B8: PSAB 1.2 | C8: Site office, conference room, car port, toilet facilities and office furniture according to particular specification: PSAB 1.2 ENGINEERS OFFICE | D8: Sum | E8: 1
A9: 1.1.3 | B9: PSAB 2 | C9: Survey equipment | D9: Sum | E9: 1
A10: 1.1.4 | C10: Resident Engineer : Accomodation | D10: Prov Sum | E10: 1 | F10: 80000 | G10: =E10*F10 -> 80000
A11: 1.1.5 | C11: Resident Engineer : Provision of data for site purposes | D11: Prov Sum | E11: 1 | F11: 15000 | G11: =E11*F11 -> 15000
A12: 1.1.6 | C12: Asbuilt data collection by profesional surveyor | D12: Prov Sum | E12: 1 | F12: 25000 | G12: =E12*F12 -> 25000
A13: 1.1.7 | C13: One Contract Notice Board | D13: Sum | E13: 1
B14: 8.3.2.2 | C14: b) Facilities for Contractor (Civil, Mechanical & Electrical)
A15: 1.1.8 | C15: Offices and stores, workshop, housing, ablution- and latrine facilities, plant and tools (Civil, Mechanical & Electrical) | D15: Sum | E15: 1
A16: 1.1.9 | C16: Water supply, electrical power, reticulation of water and access to site (Civil, Mechanical & Electrical) | D16: Sum | E16: 1
A17: 1.1.10 | B17: PS 10 | C17: Conformity with RDP requirements (Civil, Mechanical & Electrical) | D17: Sum | E17: 1
A18: 1.1.11 | B18: 8.3.3 | C18: Additional Fixed Cost liabilities (particulars to be supplied)
C19: i) ................................. | D19: Sum | E19: 1
C20: ii) ................................. | D20: Sum | E20: 1
C21: iii) ................................. | D21: Sum | E21: 1
C22: iv) ................................. | D22: Sum | E22: 1
C23: v) ................................. | D23: Sum | E23: 1
A24: 1.1.12 | B24: 8.3.4 | C24: Removal of site facilities | D24: Sum | E24: 1
A25: 1.1.13 | C25: Allowance for OHS & Environmental management | D25: Sum | E25: 1
A26: 1.1.14 | C26: Allowance for OHS Covid19 regulations | D26: Prov Sum | E26: 1 | F26: 60000 | G26: =E26*F26 -> 60000
A27: 1.2 | B27: 8.4 | C27: TIME RELATED ITEMS
A28: 1.2.1 | B28: 8.4.1 | C28: Contractual Requirements (Civil, Mechanical & Electrical) | D28: Sum | E28: 1
B29: 8.4.2 | C29: Operate and maintain facilities on site
B30: 8.4.2.1 | C30: a) Facilities for Engineer for duration of construction (SABS 1200 AB)
A31: 1.2.2 | B31: PS 7 | C31: Site office, conference room, car port, toilet facilities and office furniture | D31: Sum | E31: 1
A32: 1.2.3 | B32: PSAB 1 | C32: Survey equipment and survey assistant | D32: Sum | E32: 1
A33: 1.2.4 | B33: PSAB 1 | C33: One Contract Notice Board | D33: Sum | E33: 1
B34: 8.4.2.2 | C34: b) Facilities for Contractor for duration of construction
A35: 1.2.5 | C35: Offices and stores, workshop, housing, ablution- and latrine facilities, plant and equipment (Civil, Mechanical & Electrical) | D35: Sum | E35: 1
A36: 1.2.6 | C36: Water supply, electrical power, reticulation of water and access to site (Civil, Mechanical & Electrical) | D36: Sum | E36: 1
A37: 1.2.7 | B37: 8.4.3 | C37: Construction Supervision for the duration of the contract (Civil, Mechanical & Electrical) | D37: Sum | E37: 1
A38: 1.2.8 | B38: 8.4.4 | C38: Company and head office overhead costs (Civil, Mechanical & Electrical) | D38: Sum | E38: 1
A39: 1.2.9 | B39: PS 10 | C39: Conformity with RDP requirements (Civil, Mechanical & Electrical) | D39: Sum | E39: 1
A41: 1.2.11 | C41: Allowance for OHS & Environmental management (Civil, Mechanical & Electrical) | D41: Sum | E41: 1
A42: 1.2.12 | C42: Allowance for OHS Covid19 regulations | D42: Prov Sum | E42: 1 | F42: 10000 | G42: =E42*F42 -> 10000
A43: 1.2.13 | C43: Allowance for CLO | D43: Months | F43: 7500
A44: 1.3 | C44: TEMPORARY WORK
A45: 1.3.1 | B45: 8.8.1 | C45: Construction and maintenance of all access roads and work for the duration of the contract | D45: Sum
A46: 1.4 | C46: CONTROL TESTING
A47: 1.4.1 | C47: Preliminary Sum allowed for laboratory tests by an independent laboratory when required by the Engineer | D47: Prov Sum | E47: 1 | F47: 50000 | G47: =E47*F47 -> 50000
A48: 1.4.2 | C48: Percentage add on to Item 1.4.1 for overheads, administration and profit | D48: % | E48: =G47 -> 50000
A50: TOTAL SECTION 1 CARRIED FORWARD TO MAIN SUMMARY

Sheet SECTION 2
A1: DS35 - BOQ - WINBURG/MAKELEKETLA: CONSTRUCTION OF OUTFALL SEWER AND RECTIFICATION OF EXISTING SEWER NETWORK
A2: ITEM | B2: PAYMENT | C2: DESCRIPTION | D2: UNIT | E2: QTY | F2: RATE | G2: AMOUNT
A3: 2 | C3: SECTION 2 : OUTFALL SEWER
A4: 2.1 | B4: SABS 1200 C | C4: SITE CLEARANCE
A5: 2.1.1 | B5: 8.2.1 | C5: Clear and grub of site and remove all obstructions on pipeline route up to 3m wide | D5: m | E5: 4200
B6: 8.2.2 | C6: Remove and grub large trees and stumps
A7: 2.1.2 | C7: a) Girth over 600mm up to 1000mm | D7: No | E7: 18
A8: 2.1.3 | C8: b) Girth over 1000mm up to 2000mm | D8: No | E8: 10
A9: 2.1.4 | C9: c) Girth over 2000mm up to 3000mm | D9: No | E9: 12
A10: 2.1.5 | C10: Demolishing and decommissioning of the existing sewer pipeline | D10: Prov Sum | E10: 1
A12: 2.2 | B12: SABS 1200 DB | C12: EXCAVATIONS
A13: 2.2.1 | B13: PSDB 8.3.2 (a) | C13: Excavate by MACHINE in all materials for trenches up to 1000mm wide, backfill, compact and dispose of surplus or unsuitable material for pipes of diameter between 110mmØ and 400mmØ for depths of:
C14: Over and up to
A15: 2.2.1.1 | C15: 0.0m to 1.5m | D15: m | E15: 362
A16: 2.2.1.2 | C16: 1.5m to 2.0m | D16: m | E16: 904
A17: 2.2.1.3 | C17: 2.0m to 2.5m | D17: m | E17: 1085
A18: 2.2.1.4 | C18: 2.5m to 3.0m | D18: m | E18: 543
A19: 2.2.1.5 | C19: 3.0m to 3.5m | D19: m | E19: 462
A20: 2.2.1.6 | C20: 3.5m to 4.0m | D20: m | E20: 181
A21: 2.2.1.7 | C21: 4.0m to 4.5m | D21: m | E21: 181
A22: 2.2.1.8 | C22: 4.5m to 5.0m | D22: m | E22: 0 | G22: Rate Only
A23: 2.2.3 | B23: 8.3.2(b) | C23: Extra-over Item 2.2.1 and 2.2.2 for :
A24: 2.2.3.1 | B24: PSDB 1.2 | C24: Hard Excavation | D24: m³ | E24: 1500
A25: 2.2.3.2 | B25: 8.3.2 | C25: Intermediate excavation | D25: m³ | E25: 449
A26: 2.2.3.3 | B26: 8.3.2 | C26: Hand Excavation to expose existing services | D26: m³ | E26: 1500
A27: 2.2.3.4 | B27: 8.3.2(c) | C27: Excavate and dispose of unsuitable material from trench bottom | D27: m³ | E27: 449
A28: 2.2.4 | B28: PSDB 1.2 8.3.2 (LI) | C28: Excavate by HAND in all materials suitable for hand excavation for trenches up to 750mm wide, backfill, compact and dispose of surplus or unsuitable material for depths of:
C29: Over and up to
A30: 2.2.4.1 | C30: 0.0m 1.5m | D30: m | E30: 0 | G30: Rate Only
B31: PSDB 8.3.2 (b) | C31: Extra-over Item 2.2.4 for :
A32: 2.2.4.2 | B32: PSDB 1.2 | C32: Hard Excavation | D32: m³ | E32: 0 | G32: Rate Only
A33: 2.2.4.3 | B33: PSDB 1.2 | C33: Intermediate excavation | D33: m³ | E33: 0 | G33: Rate Only
A34: 2.2.5 | B34: 8.3.4 (a) (LI) | C34: Shoring and safeguarding of trench to the satisfaction of the Engineer and the safety regulations | D34: m | E34: 4200
A35: 2.2.6 | B35: 8.3.3.3 | C35: Soilcrete backfill (7% cement) at crossings with existing streets and compact to 93% Mod. AASHTO density where ordered by the Engineer | D35: m³ | E35: 44
A36: 2.2.7 | C36: Finishing off of the site on completion of the works to the satisfaction of the Engineer, including levelling off, disposal of surplus material, etc | D36: Sum | E36: 1
A38: 2.3 | B38: SABS 1200 LB | C38: BEDDING (PIPES)
B39: 8.2.1 | C39: Provision of selected granular material for pipe bedding from the following sources :
A40: 2.3.1 | C40: Trench excavation within 2 km | D40: m³ | E40: 850
A41: 2.3.2 | B41: PSQ 5 | C41: Imported from a borrow pit / commercial source | D41: m³ | E41: 600
B42: 8.2.1 | C42: Provision of selected fill blanket to 300mm above the pipe from the following sources:
A43: 2.3.4 | C43: Trench excavation within 2 km | D43: m³ | E43: 500
A44: 2.3.5 | B44: PSQ 5 | C44: Imported from a borrow pit / commercial source | D44: m³ | E44: 600
A45: 2.3.7 | B45: 8.2.2.3 | C45: Provision of 19mm nominal size crushed stone aggregate required for bedding from commercial source when instructed by the Engineer | D45: m³ | E45: 113
A47: 2.4 | B47: SABS 1200 LD | C47: SEWERS
A48: 2.4.1 | B48: 8.2.1 (LI) | C48: UPVC-SANS 791 Class 34 - 300 kPa
C49: Supply, handle, lay and bed uPVC Class 34 - 300 kPa pipes irrespective of depth, with rubber ring couplings to SABS 966, test and disinfect
B50: Carried forward
A53: ITEM | B53: PAYMENT | C53: DESCRIPTION | D53: UNIT | E53: QTY | F53: RATE | G53: AMOUNT
B55: Brought forward
A57: 2.4.1.2 | C57: 160mm Ø (O.D.) Class 34 - 300 kPa | D57: m | E57: 501
A58: 2.4.1.3 | C58: 200mm Ø (O.D.) Class 34 - 300 kPa | D58: m | E58: 1050
A59: 2.4.1.4 | C59: 250mm Ø (O.D.) Class 34 - 300 kPa | D59: m | E59: 1875
A60: 2.4.1.5 | C60: 315mm Ø (O.D.) Class 34 - 300 kPa | D60: m | E60: 190
A61: 2.4.2 | B61: 8.2.3 | C61: Manholes
C62: Supply all materials and labour for the construction of concrete manholes as per engineering drawing from precast sections complete with cover and frame, including step irons, channelling, benching, grouting, Kimberley socket, short pipes, etc in the following diameter and depth categories:
A63: 2.4.2.1 | B63: (LI) | C63: 1 000mm dia : 0,0m - 1,5m | D63: No | E63: 12
A64: 2.4.2.2 | C64: 1 000mm dia : 1,5m - 2,0m | D64: No | E64: 20
A65: 2.4.2.3 | C65: 1 000mm dia : 2,0m - 2,5m | D65: No | E65: 20
A66: 2.4.2.4 | C66: 1 000mm dia : 2,5m - 3,0m | D66: No | E66: 20
A67: 2.4.2.5 | C67: 1 250mm dia : 3,0m - 3,5m | D67: No | E67: 8
A68: 2.4.2.6 | C68: 1 250mm dia : 3,5m - 4,0m | D68: No | E68: 4
A69: 2.4.2.7 | C69: 1 500mm dia : 4,0m - 4,5m | D69: No | E69: 0
A70: 2.4.2.8 | C70: 1 500mm dia : 4,5m - 5,0m | D70: No | E70: 0
A71: 2.4.2.9 | C71: 1 500mm dia : 5,0m - 5,5m | D71: No | E71: 0
A72: 2.4.3 | B72: 8.2.6 (LI) | C72: Erf Connections
A73: 2.4.3.3 | C73: Construct Type 3 house connections complete as detailed and specified on drawings including all material and labour for connecting to manholes for depths not exceeding 3,5m | D73: No | E73: 61
A74: 2.4.3.4 | C74: Extra-over Item 2.4.3.1 & 2.4.3.2 & 2.4.3.3 for the installation of additional 110mm dia Class 51 (normal duty) sewers where the distance between the house connection and the erf boundary connection exceeds 12.0m | D74: m | E74: 40
A75: 2.4.3.5 | B75: PSLD 2.2 | C75: Make provision for testing water tightness of manholes including all work and materials necessary as specified, only where instructed by the Engineer | D75: No | E75: 13
A76: 2.4.4 | B76: PSLD 8.2.11 (LI) | C76: Connect to existing sewer :
C77: New sewer to existing bulk sewer for depths of :
A78: 2.4.4.1 | C78: 0.0m to 2.5m | D78: No | E78: 25
A79: 2.4.4.2 | C79: 2.5m to 3.0m | D79: No | E79: 1
A80: 2.4.4.3 | C80: 3.0m to 3.5m | D80: No | E80: 1
A81: 2.4.4.4 | C81: 3.5m to 4m | D81: No | E81: 1
A82: 2.4.4.5 | C82: 5.0m to 5.5m | D82: No | E82: 1
A83: 2.5 | B83: PSSR | C83: SUBSURFACE DRAINS
B84: SABS 1200DB | C84: Excavate in all materials of trenches for subsoil drains, backfill, compact and dispose of surplus/unsuitable material for the following depths and width categories:
A85: 2.5.1 | B85: 8.3.2(a) | C85: At bottom of existing water / sewer / trench 300mm wide x 300mm deep | D85: m | E85: 362
C86: Supply and install the following for the construction of subsoil drains complete as shown on drawing
A87: 2.5.2 | B87: PSSR 3.1 | C87: 110mm dia Slotted HDPe or Geopipe including couplings | D87: m | E87: 362
A88: 2.5.3 | B88: PSSR 3.2 | C88: Geotextile membrane U14 | D88: m² | E88: 634
A89: 2.5.4 | B89: PSSR 3.3 | C89: 19mm Nom.size crushed stone aggregate | D89: m³ | E89: 33
A90: 2.5.5 | B90: PSSR 3.1 | C90: 110mm dia Fittings, i.e bends, junctions etc | D90: No | E90: 3
A92: TOTAL SECTION 2 CARRIED FORWARD TO MAIN SUMMARY

Sheet SECTION 3
A1: DS35 - BOQ - WINBURG/MAKELEKETLA: CONSTRUCTION OF OUTFALL SEWER AND RECTIFICATION OF EXISTING SEWER NETWORK
A2: ITEM | B2: PAYMENT | C2: DESCRIPTION | D2: UNIT | E2: QTY | F2: RATE | G2: AMOUNT
A3: 3 | C3: SECTION 3 : RECTIFICATION OF EXISTING SEWER NETWORK
A4: 3.1 | B4: SABS 1200 C | C4: SITE CLEARANCE
A5: 3.1.1 | B5: 8.2.1 | C5: Clear and grub of site and remove all obstructions on pipeline route up to 3m wide | D5: m | E5: 1800
B6: 8.2.2 | C6: Remove and grub large trees and stumps
A7: 3.1.2 | C7: a) Girth over 600mm up to 1000mm | D7: No | E7: 4
A8: 3.1.3 | C8: b) Girth over 1000mm up to 2000mm | D8: No | E8: 2
A9: 3.1.4 | C9: c) Girth over 2000mm up to 3000mm | D9: No | E9: 2
A10: 3.2 | B10: SABS 1200 DB | C10: EXCAVATION
A11: 3.2.1 | B11: PSDB 8.3.2 (a) | C11: Excavate by MACHINE in all materials for trenches up to 1000mm wide, backfill, compact and dispose of surplus or unsuitable material for pipes of diameter between 110mmØ and 400mmØ for depths of:
C12: Over and up to
A13: 3.2.1.1 | C13: 0.0m to 1.5m | D13: m | E13: 180
A14: 3.2.1.2 | C14: 1.5m to 2.0m | D14: m | E14: 450
A15: 3.2.1.3 | C15: 2.0m to 2.5m | D15: m | E15: 540
A16: 3.2.1.4 | C16: 2.5m to 3.0m | D16: m | E16: 270
A17: 3.2.1.5 | C17: 3.0m to 3.5m | D17: m | E17: 180
A18: 3.2.1.6 | C18: 3.5m to 4.0m | D18: m | E18: 90
A19: 3.2.1.7 | C19: 4.0m to 4.5m | D19: m | E19: 90
A20: 3.2.1.8 | C20: 4.5m to 5.0m | D20: m | E20: 0 | G20: Rate Only
A21: 3.2.3 | B21: 8.3.2(b) | C21: Extra-over Item 3.2.1 and 3.2.2 for :
A22: 3.2.3.1 | B22: PSDB 1.2 | C22: Hard Excavation | D22: m³ | E22: 2500
A23: 3.2.3.2 | B23: 8.3.2 | C23: Intermediate excavation | D23: m³ | E23: 800
A24: 3.2.3.3 | B24: 8.3.2 | C24: Hand Excavation to expose existing services | D24: m³ | E24: 500
A25: 3.2.3.4 | B25: 8.3.2(c) | C25: Excavate and dispose of unsuitable material from trench bottom | D25: m³ | E25: 104
A26: 3.2.4 | B26: PSDB 1.2 8.3.2 (LI) | C26: Excavate by HAND in all materials suitable for hand excavation for trenches up to 750mm wide, backfill, compact and dispose of surplus or unsuitable material for depths of: Over and up to
A27: 3.2.4.1 | C27: 0.0m 1.5m | D27: m | E27: 0 | G27: Rate Only
B28: PSDB 8.3.2 (b) | C28: Extra-over Item 3.2.4 for :
A29: 3.2.4.2 | B29: PSDB 1.2 | C29: Hard Excavation | D29: m³ | E29: 0 | G29: Rate Only
A30: 3.2.4.3 | B30: PSDB 1.2 | C30: Intermediate excavation | D30: m³ | E30: 0 | G30: Rate Only
A31: 3.2.5 | B31: 8.3.4 (a) (LI) | C31: Shoring and safeguarding of trench to the satisfaction of the Engineer and the safety regulations | D31: m | E31: 1800
A32: 3.2.6 | B32: 8.3.3.3 | C32: Soilcrete backfill (7% cement) at crossings with existing streets and compact to 93% Mod. AASHTO density where ordered by the Engineer | D32: m³ | E32: 22
A33: 3.2.7 | C33: Finishing off of the site on completion of the works to the satisfaction of the Engineer, including levelling off, disposal of surplus material, etc | D33: Sum | E33: 1
A34: 3.3 | B34: SABS 1200 LB | C34: BEDDING (PIPES)
B35: 8.2.1 | C35: Provision of selected granular material for pipe bedding from the following sources :
A36: 3.3.1 | C36: Trench excavation within 2 km | D36: m³ | E36: 283
A37: 3.3.2 | B37: PSQ 5 | C37: Imported from a borrow pit / commercial source | D37: m³ | E37: 189
B38: 8.2.1 | C38: Provision of selected fill blanket to 300mm above the pipe from the following sources:
A39: 3.3.4 | C39: Trench excavation within 2 km | D39: m³ | E39: 167
A40: 3.3.5 | B40: PSQ 5 | C40: Imported from a borrow pit / commercial source | D40: m³ | E40: 111
A41: 3.3.7 | B41: 8.2.2.3 | C41: Provision of 19mm nominal size crushed stone aggregate required for bedding from commercial source when instructed by the Engineer | D41: m³ | E41: 24
A42: 3.4 | B42: SABS 1200 LD | C42: SEWERS
A43: 3.4.1 | B43: 8.2.1 (LI) | C43: UPVC-SANS 791 Class 34 - 300 kPa
C44: Supply, handle, lay and bed uPVC Class 34 - 300 kPa pipes irrespective of depth, with rubber ring couplings to SABS 966, test and disinfect
A45: 3.4.1.2 | C45: 160mm Ø (O.D.) Class 34 - 300 kPa | D45: m | E45: 1200
A46: 3.4.1.3 | C46: 200mm Ø (O.D.) Class 34 - 300 kPa | D46: m | E46: 100
A47: 3.4.1.4 | C47: 250mm Ø (O.D.) Class 34 - 300 kPa | D47: m | E47: 100
A48: 3.4.1.5 | C48: Provisional Sum for removing and relaying the existing pipes (Sewer, water or other services) , extra over Item 3.4.1 above | D48: Prov. Sum | E48: 1 | G48: 150000
A49: 3.4.2 | B49: 8.2.3 | C49: Manholes
C50: Supply all materials and labour for the construction of concrete manholes as per engineering drawing from precast sections complete with cover and frame, including step irons, channelling, benching, grouting, Kimberley socket, short pipes, etc in the following diameter and depth categories:
A51: 3.4.2.1 | B51: (LI) | C51: 1 000mm dia : 0,0m - 1,5m | D51: No | E51: 4
A52: 3.4.2.2 | C52: 1 000mm dia : 1,5m - 2,0m | D52: No | E52: 10
A53: 3.4.2.3 | C53: 1 000mm dia : 2,0m - 2,5m | D53: No | E53: 8
A54: 3.4.2.4 | C54: 1 000mm dia : 2,5m - 3,0m | D54: No | E54: 8
A55: 3.4.2.5 | C55: 1 250mm dia : 3,0m - 3,5m | D55: No | E55: 3
A56: 3.4.2.6 | C56: 1 250mm dia : 3,5m - 4,0m | D56: No | E56: 2
A57: 3.4.2.7 | C57: 1 500mm dia : 4,0m - 4,5m | D57: No | E57: 0 | G57: Rate Only
A58: 3.4.2.8 | C58: 1 500mm dia : 4,5m - 5,0m | D58: No | E58: 0 | G58: Rate Only
B60: Carried forward
A63: ITEM | B63: PAYMENT | C63: DESCRIPTION | D63: UNIT | E63: QTY | F63: RATE | G63: AMOUNT
B65: Brought forward
A67: 3.4.3 | B67: 8.2.6 (LI) | C67: Erf Connections
A68: 3.4.3.3 | C68: Construct Type 3 house connections complete as detailed and specified on drawings including all material and labour for connecting to manholes for depths not exceeding 3,5m | D68: No | E68: 30
A69: 3.4.3.4 | C69: Extra-over Item 3.4.3.1 & 3.4.3.2 & 3.4.3.3 for the installation of additional 110mm dia Class 51 (normal duty) sewers where the distance between the house connection and the erf boundary connection exceeds 12.0m | D69: m | E69: 40
A70: 3.4.3.5 | B70: PSLD 2.2 | C70: Make provision for testing water tightness of manholes including all work and materials necessary as specified, only where instructed by the Engineer | D70: No | E70: 6
A72: 3.4.4 | B72: PSLD 8.2.11 (LI) | C72: Connect to existing sewer :
C73: New sewer to existing bulk sewer for depths of :
A74: 3.4.4.1 | C74: 0.0m to 2.5m | D74: No | E74: 25
A75: 3.4.4.2 | C75: 2.5m to 3.0m | D75: No | E75: 1
A76: 3.4.4.3 | C76: 3.0m to 3.5m | D76: No | E76: 1
A77: 3.4.4.4 | C77: 3.5m to 4m | D77: No | E77: 1
A78: 3.4.4.5 | C78: 5.0m to 5.5m | D78: No | E78: 1
A79: 3.5 | B79: PSSR | C79: SUBSURFACE DRAINS
B80: SABS 1200DB | C80: Excavate in all materials of trenches for subsoil drains, backfill, compact and dispose of surplus/unsuitable material for the following depths and width categories:
A81: 3.5.1 | B81: 8.3.2(a) | C81: At bottom of existing water / sewer / trench 300mm wide x 300mm deep | D81: m | E81: 0 | G81: Rate Only
C82: Supply and install the following for the construction of subsoil drains complete as shown on drawing
A83: 3.5.2 | B83: PSSR 3.1 | C83: 110mm dia Slotted HDPe or Geopipe including couplings | D83: m | E83: 0 | G83: Rate Only
A84: 3.5.3 | B84: PSSR 3.2 | C84: Geotextile membrane U14 | D84: m² | E84: 0 | G84: Rate Only
A85: 3.5.4 | B85: PSSR 3.3 | C85: 19mm Nom.size crushed stone aggregate | D85: m³ | E85: 0 | G85: Rate Only
A86: 3.5.5 | B86: PSSR 3.1 | C86: 110mm dia Fittings, i.e bends, junctions etc | D86: No | E86: 0 | G86: Rate Only
A87: 3.6 | C87: UNBLOCKING OF EXISTING SEWER LINES
C88: Unblock existing sewer line by removing all debris, stones and other foreign items from sewer manholes and sewer pipelines. Use a water pressure jet to clean existing sewer line until the miror test succesful for pipeline. Price irrespective of depth of pipeline, type of pipeline and class of pipeline.
A89: 3.6.1 | C89: Hiring of Jetting Truck (combination jetting & vacuum unit high pressure jetting capacity of 340l/s and 200 Bar) | D89: Weeks | E89: 4
A90: 3.6.2 | C90: Tachy / Topographic Survey of the existing sewer network (Manhole_Invert Levels) along the network sections to be unblocked. | D90: m | E90: 1800
A91: 3.6.3 | C91: Temporary measures to ensure Sewer is discharged to the existing WWTW. Repair existing sewer outfall outfall line and Rising main. | D91: Prov. Sum | E91: 1 | G91: 450000
A103: TOTAL SECTION 3 CARRIED FORWARD TO MAIN SUMMARY

Sheet SECTION 4
A1: DS35 - BOQ - WINBURG/MAKELEKETLA: CONSTRUCTION OF OUTFALL SEWER AND RECTIFICATION OF EXISTING SEWER NETWORK
A2: ITEM | B2: PAYMENT | C2: DESCRIPTION | D2: UNIT | E2: QTY | F2: RATE | G2: AMOUNT
A3: 4 | C3: SECTION 4 : RISING MAIN
A4: 4.1 | B4: SABS 1200 C | C4: SITE CLEARANCE
A5: 4.1.1 | B5: 8.2.1 | C5: Clear and grub of site and remove all obstructions on pipeline route up to 3m wide | D5: m | E5: 1200
A6: 4.1.2 | C6: a) Girth over 600mm up to 1000mm | D6: No | E6: 2
A7: 4.1.3 | C7: b) Girth over 1000mm up to 2000mm | D7: No | E7: 1
A8: 4.1.4 | C8: c) Girth over 2000mm up to 3000mm | D8: No | E8: 1
A9: 4.2 | B9: SABS 1200 DB | C9: EXCAVATION
A10: 4.2.1 | C10: Excavate by MACHINE in all materials up to 750mm wide pipe trenches for water pipes only, backfill, compact and dispose of surplus or unsuitable material for depths of:
C11: Over and up to
A12: 4.2.1.1 | B12: 8.3.2(a) | C12: 0.0m to 1.5m | D12: m | E12: 1200
A13: 4.2.1.2 | C13: 1.5m to 2.0m | D13: m | E13: 0 | G13: Rate Only
A14: 4.2.1.3 | C14: 2.0m to 2.5m | D14: m | E14: 0 | G14: Rate Only
A15: 4.2.1.4 | C15: 2.5m to 3.0m | D15: m | E15: 0 | G15: Rate Only
C16: Extra-over Item 4.2.1 for :
A17: 4.2.2 | B17: 8.3.2(b) | C17: Hard Excavation | D17: m³ | E17: 500
A18: 4.2.3 | B18: 8.3.2(c) | C18: Excavate and dispose of unsuitable material from trench bottom | D18: m³ | E18: 66
A19: 4.2.4 | C19: Excavate by HAND in all materials suitable for hand excavation for trenches up to 600mm wide pipe trenches for water pipes only, backfill, compact and dispose of surplus or unsuitable material for depths of:
C20: Over and up to
A21: 4.2.4.1 | B21: PSDB 3.4 | C21: 0.0m 1.0m | D21: m | E21: 0 | G21: Rate Only
A22: 4.2.4.2 | B22: PSDB 3.4 | C22: 1.0m 1.5m | D22: m | E22: 0 | G22: Rate Only
C23: Extra-over Item 4.2.4 for :
A24: 4.2.5 | B24: PSDB 3.4 | C24: Intermediate excavation | D24: m³ | E24: 0 | G24: Rate Only
A25: 4.2.6 | B25: PSDB 3.4 | C25: Hard excavation | D25: m³ | E25: 0 | G25: Rate Only
A26: 4.2.7 | B26: 8.3.4 (a) (LI) | C26: Shoring and safeguarding of trench to the satisfaction of the Engineer and the safety regulations | D26: m | E26: 1200
A27: 4.2.8 | B27: 8.3.3.3 | C27: Soilcrete backfill (7% cement) at crossings with existing streets and compact to 93% Mod. AASHTO density where ordered by the Engineer | D27: m³ | E27: 10
A28: 4.2.9 | B28: 8.3.3.3 | C28: Finishing off of the site on completion of the works to the satisfaction of the Engineer, including levelling off, disposal of surplus material, etc | D28: Sum | E28: 1
A29: 4.3 | B29: SABS 1200 LB | C29: BEDDING (PIPES)
C30: Provision of selected granular material for pipe bedding from the following sources :
A31: 4.3.1 | B31: 8.2.1 | C31: Trench excavation within 2 km | D31: m3 | E31: 300
A32: 4.3.2 | B32: PSQ 5 | C32: Imported from borrow pit / Commercial source | D32: m3 | E32: 600
C33: Provision of selected fill blanket to 200mm above the pipe from the following sources :
A34: 4.3.3 | B34: 8.2.1 | C34: Trench excavation within 2km | D34: m³ | E34: 300
A35: 4.3.4 | B35: PSQ 5 | C35: Imported from borrow pit / Commercial source | D35: m³ | E35: 600
A36: 4.3.5 | B36: 8.2.2.3 | C36: Provision of 19mm nominal size crushed stone aggregate required for bedding from commercial source when instructed by the Engineer | D36: m³ | E36: 16
A37: 4.4 | B37: SABS 1200 L | C37: MEDIUM PRESSURE PIPELINES
A38: 4.4.1 | C38: UPVC-SANS 966-1 Class 12
B39: 8.2.1 | C39: Supply, handle, lay and bed uPVC Class 12 pipes irrespective of depth, with rubber ring couplings to SABS 966, test and disinfect
A40: 4.4.1.14 | C40: 200mm Ø (181.6mm I.D.) Class 12 | D40: m | E40: 1200
I41: =0.7*0.9*600 -> 378
B43: Carried forward
A47: ITEM | B47: PAYMENT | C47: DESCRIPTION | D47: UNIT | E47: QTY | F47: RATE | G47: AMOUNT
B49: Brought forward
A52: 4.5 | B52: SABS 1200 L | C52: SPECIALS AND FITTINGS
B53: 8.2.2 | C53: Extra-over Item 4.5 for the supply, lay and bed of fittings with socket-ended joints/plain ended joints, including cut lengths, gasket sets, all bolts and nuts where applicable. Test and disinfected
A54: 4.5.1 | C54: Bends : uPVC spigot and socket ended Class 16:
A55: 4.5.1.29 | C55: 200mm dia x 11,25° | D55: No | E55: 6
A56: 4.5.1.30 | C56: 200mm dia x 22,5° | D56: No | E56: 4
A57: 4.5.1.31 | C57: 200mm dia x 45° | D57: No | E57: 4
A58: 4.5.1.32 | C58: 200mm dia x 90° | D58: No | E58: 4
A59: 4.8 | C59: CONCRETE THRUST BLOCKS
A60: 4.8.1 | C60: ANCHOR BLOCKS FOR PIPES UP TO 300mm diameter
A61: 4.8.1.1 | B61: 8.2.11 | C61: 15 MPa concrete anchor blocks for water pipes including all shuttering, excavation, etc as shown on drawings | D61: m³ | E61: 12
A62: 4.11 | C62: PIPELINE MARKERS
A63: 4.11.1 | C63: Supply all labour and material for concrete pipeline markers as per the water general details. Concrete markers to be supplied at change of horizontal direction | D63: No | E63: 12
A64: 4.12 | C64: CONNECTION TO EXISTING SEWER NETWORK
A65: 4.12.1 | C65: Supply all labour and material (fittings) to connect to main supply pipeline including excavation backfill, disposal of surplus material, cutting of pipes and moving of fittings and making good | D65: Prov Sum | E65: 1
A85: TOTAL SECTION 4 CARRIED FORWARD TO MAIN SUMMARY

Sheet SECTION 5
A1: DS35 - BOQ - WINBURG/MAKELEKETLA: CONSTRUCTION OF OUTFALL SEWER AND RECTIFICATION OF EXISTING SEWER NETWORK
A2: ITEM | B2: PAYMENT | C2: DESCRIPTION | D2: UNIT | E2: QTY | F2: RATE | G2: AMOUNT
A3: 5 | C3: SECTION 5: SEWAGE PUMP STATION
A4: 5.1 | B4: SANS 1200 DA | C4: EXCAVATION
A5: 5.1.1 | B5: 8.3.1 | C5: a) Remove top soil to a nominal depth of 150mm, stockpile and maintain | D5: m² | E5: 2500
A6: 5.1.2 | C6: b) Excavate in all materials and use for embankments or backfill or dispose, as ordered | D6: m³ | E6: =965+400 -> 1365
A7: 5.1.3 | C7: c) Extra over for
A8: 5.1.3.1 | C8: 1) Intermediate excavation | D8: m³ | E8: =485+200 -> 685
A9: 5.1.3.2 | C9: 2) Hard rock excavation | D9: m³ | E9: =585+200 -> 785
A10: 5.1.3.3 | C10: 3) Boulder excavation, Class A | D10: m³ | E10: 75
A11: 5.1.3.4 | C11: 4) Boulder excavation, Class B | D11: m³ | E11: 150
A12: 5.1.4 | B12: 8.3.2 | C12: Restricted Excavation
A13: 5.1.4.1 | C13: a) Excavate for restricted foundations, footings and trenches in all materials and use for backfill or embankment or dispose | D13: m³ | E13: 40
A14: 5.1.4.2 | C14: b) Extra over for
A15: 5.1.4.2.1 | C15: 1) Intermediate excavation | D15: m³ | E15: 20
A16: 5.1.4.2.2 | C16: 2) Hard rock excavation | D16: m³ | E16: 50
A17: 5.1.5 | B17: 8.3.3 | C17: Overhual
A18: 5.1.5.1 | C18: a) Limited overhaul (provisional) | D18: m³ | E18: 0 | G18: Rate Only
A19: 5.1.5.2 | C19: b) Long overhaul (provisional) | D19: m³.km | E19: 505
A20: 5.1.6 | B20: 8.3.4 | C20: Importing of materials from Commercial sources or from borrow pits for foundations
A21: 5.1.6.1 | C21: G7 compacted in layers of 150mm to 93% of MOD. AASHTO density | D21: m³ | E21: 200
A22: 5.1.6.2 | C22: G5 compacted in layers of 150mm to 95% of MOD. AASHTO density | D22: m³ | E22: 200
A23: 5.1.7 | B23: 8.3.6 | C23: Topsoiling | D23: m² | E23: 170
A24: 5.1.8 | C24: Dealing with ground water during excavation of structure | D24: Sum | E24: 1
A25: 5.1.9 | C25: Demolishing and decommissioning of the 2 Pump Stations (Pump station 1 & 3) complete. All rubble to be disposed off at the land fill site. The area to be properly rehabilitated and earth works to match the natural ground around. | D25: Sum | E25: 1
A26: 5.2 | B26: SANS 1200 G | C26: FORMWORK
A27: 5.2.1 | B27: 8.2.1 | C27: Rough vertical formwork to a degree of Accuracy III
A28: 5.2.1.1 | C28: Inletworks Canal & Sump | D28: m² | E28: 80
A29: 5.2.1.2 | C29: Inletworks | D29: m² | E29: 150
A30: 5.2.1.3 | C30: Wetsump | D30: m² | E30: 180
A31: 5.2.1.4 | C31: Drysump | D31: m² | E31: 20
A32: 5.2.2 | C32: Rough Horizontal formwork to a degree of Accuracy III
A33: 5.2.2.1 | C33: Structure | D33: m² | E33: 0 | G33: Rate Only
A34: 5.2.3 | C34: Rough Inclined formwork to a degree of Accuracy III
A35: 5.2.3.1 | C35: Structure | D35: m² | E35: 0 | G35: Rate Only
A36: 5.2.4 | B36: 8.2.2 | C36: Smooth vertical formwork to a degree of Accuracy II
A37: 5.2.4.1 | C37: Inletworks Canal & Sump | D37: m² | E37: 30
A38: 5.2.4.2 | C38: Inletworks | D38: m² | E38: 180
A39: 5.2.4.3 | C39: Wetsump | D39: m² | E39: 160
A40: 5.2.4.4 | C40: Dry sump | D40: m² | E40: 300
A41: 5.2.5 | C41: Smooth horizontal formwork to a degree of Accuracy II
A42: 5.2.5.1 | C42: Inletworks roof | D42: m² | E42: 80
A43: 5.2.5.2 | C43: Wetsump roof | D43: m² | E43: 0 | G43: Rate Only
A44: 5.2.5.3 | C44: Drysump roof | D44: m² | E44: 70
A45: 5.2.6 | C45: Inclined Smooth formwork to a degree of Accuracy II
A46: 5.2.6.1 | C46: Inletworks Stairs | D46: m² | E46: 20
A47: 5.2.6.2 | C47: Drysump Stairs | D47: m² | E47: 10
A48: 5.2.10 | B48: 8.2.6 | C48: Box Out Holes/Form Voids
A49: 5.2.10.1 | C49: a) Small, circular, of diameter up to and including 0,35 m (irrespective of depth) | D49: No | E49: 5
A50: 5.2.10.2 | C50: b) Small, square, of aera up to and including 0,1 m² (irrespective of depth) | D50: No | E50: 5
A51: 5.2.10.3 | C51: c) Large, circular, of diameter over 0,35 m up to and including 0,1 m² (irrespective of depth) | D51: No | E51: 5
A52: 5.2.10.4 | C52: d) Large, square, of aera over 0,1m² and up and including to 0,5 m ² (irrespective of depth) | D52: No | E52: 5
A53: 5.3 | C53: REINFORCEMENT
A54: 5.3.1 | B54: 8.3.1 | C54: Mild Steel Bars
A55: 5.3.1.1 | C55: 8 | D55: t | E55: 0.55
A56: 5.3.1.2 | C56: 10 | D56: t | E56: 0.55
B58: Carried forward
A61: ITEM | B61: PAYMENT | C61: DESCRIPTION | D61: UNIT | E61: QTY | F61: RATE | G61: AMOUNT
B63: Brought forward
A66: 5.3.2 | B66: 8.3.1 | C66: High Tensile Steel
A67: 5.3.2.1 | C67: Y 8 | D67: t | E67: 1
A68: 5.3.2.2 | C68: Y 10 | D68: t | E68: 5.5
A69: 5.3.2.3 | C69: Y 12 | D69: t | E69: 4.3
A70: 5.3.2.4 | C70: Y 16 | D70: t | E70: 6.5
A71: 5.3.2.5 | C71: Y 20 | D71: t | E71: 1.7
A72: 5.3.2.6 | C72: Y 25 | D72: t | E72: 1.7
A73: 5.3.3 | B73: 8.3.2 | C73: High-Tensile Welded Mesh
A74: 5.3.3.1 | C74: Ref 888 (12 mm wire dia) | D74: m² | E74: 0 | G74: Rate Only
A75: 5.3.3.2 | C75: Ref 617 (10 mm wire dia) | D75: m² | E75: 200
A76: 5.3.3.3 | C76: Ref 193 (5,6 mm wire dia) | D76: m² | E76: 0 | G76: Rate Only
A77: 5.4 | C77: CONCRETE
A78: 5.4.1 | B78: 8.4.2 | C78: Blinding layer in Concrete
A79: 5.4.1.1 | C79: Strength concrete 15 MPa/19mm in 50mm blinding layer on excavated surfaces | D79: m² | E79: 120
A80: 5.4.2 | C80: Screed layer in Concrete
A81: 5.4.2.1 | C81: Strength concrete 15 MPa/19mm screed layer on top of roof surfaces | D81: m³ | E81: 15
A82: 5.4.3 | B82: 8.4.3 | C82: Structural Concrete 30 MPa
A83: 5.4.3.1 | C83: Inletworks Canal & Sump | D83: m³ | E83: 20
A84: 5.4.3.2 | C84: Inletworks | D84: m³ | E84: 75
A85: 5.4.3.3 | C85: Wetsump | D85: m³ | E85: 65
A86: 5.4.3.4 | C86: Dry sump Foundations & Top Structure | D86: m³ | E86: 70
A87: 5.4.4 | B87: 8.4.4 | C87: Unformed Surface Finishes
A88: 5.4.4.1 | C88: a) Wood-floated finish | D88: m² | E88: 100
A89: 5.4.4.2 | C89: b) Steel-floated finish | D89: m² | E89: 255
A90: 5.4.4.3 | C90: c) Power-floated finish | D90: m² | E90: 85
A91: 5.5 | C91: BRICKWORK
C92: Build the following brickwork according to the drawings and specifications including joints, brickforce, dpc etc
A93: 5.5.1 | C93: For supply of material - 230mm Brickwork to exterior/interior walls in Face Brick FBS in stretcher bond (Allow R7000(Incl VAT) / 1000 bricks) | D93: m2 | E93: 180
A94: 5.5.2 | C94: Labour only - 230mm Brickwork to exterior/interior walls in Face Brick FBS in stretcher bond | D94: m2 | E94: 180
A95: 5.5.3 | C95: For supply of material - 115mm Brickwork to exterior/interior walls in Face Brick FBS in stretcher bond (Allow R7000(Incl VAT) / 1000 bricks) | D95: m2 | E95: 50
A96: 5.5.4 | C96: Labour only - 115mm Brickwork to exterior/interior walls in Face Brick FBS in stretcher bond | D96: m2 | E96: 40
A97: 5.5.5 | C97: 230mm Damp proofing | D97: m | E97: 80
A98: 5.5.6 | C98: Two layers 5-ply malthoid with graphite grease between 2 layers placed on walls under ringbeams to form sliding joints | D98: m | E98: 30
A99: 5.6 | C99: WINDOWS
A100: 5.6.1 | C100: Install and supply Windblock windows as per drawing specifications (400mm x 400mm) | D100: No. | E100: 30
A101: 5.6.2 | C101: Install and supply Windblock Ventilation holes with mesh covering as per drawing specs (400mm x 400mm) | D101: No. | E101: 30
A102: 5.7 | C102: DOORS
A103: 5.7.1 | C103: Allow for the supply and installation of a double steel door for installing and removing pumps/pipeworks according to the concrete drawings. | D103: Sum | E103: 1
A104: 5.7 | B104: PSW 15 | C104: PAINTING
A105: 5 | B105: PSW 15 | C105: Floors
A106: 5.7.1 | C106: Prepare and paint to the manufacturers specification all floor surfaces with an approved epoxy-based floor paint in two layers (Grey) | D106: m² | E106: 40
...

Sheet SECTION 6
A1: DS35 - BOQ - WINBURG/MAKELEKETLA: CONSTRUCTION OF OUTFALL SEWER AND RECTIFICATION OF EXISTING SEWER NETWORK
A2: ITEM | B2: PAYMENT | C2: DESCRIPTION | D2: UNIT | E2: QTY | F2: RATE | G2: AMOUNT
A3: 6 | B3: SANS 1200 H | C3: SECTION 6 : STRUCTURAL STEEL
A4: 6.1 | B4: 8.3.1 | C4: Supply and Fabrication
A5: 6.1.1 | B5: 8.3.1.1 | C5: Preperation of shop drawings for complete project | D5: Sum | E5: 1
A6: 6.1.2 | B6: 8.3.1.2 | C6: Supply and Fabrication of Steel | D6: t | E6: 0.804
A7: 6.2 | B7: 8.3.2 | C7: Delivery to site
A8: 6.2.1 | B8: 8.3.2.1 | C8: Normal delivery | D8: t | E8: 0.804
A9: 6.3 | B9: 8.3.3 | C9: Erection on site
A10: 6.3.1 | C10: 254mm x 146mm x 37 | D10: t | E10: 0 | G10: Rate Only
A11: 6.3.2 | C11: 356mm x 172mm x 67 | D11: t | E11: 0.804
A12: 6.3.3 | C12: 457mm x 191mm x 89 | D12: t | E12: 0 | G12: Rate Only
A13: 6.4 | B13: 8.3.4 | C13: Erection of bolts
A14: 6.4.1 | C14: M16 | D14: No | E14: 10
A15: 6.4.2 | C15: M20 | D15: No | E15: 10
A16: 6.4.3 | C16: M25 | D16: No | E16: 30
A17: 6.5 | B17: 8.3.5 | C17: Site Welding
A18: 6.5.1 | C18: 5mm weld | D18: m | E18: 15
A19: 6.5.2 | C19: 6mm weld | D19: m | E19: 0 | G19: Rate Only
A20: 6.5.3 | C20: 7mm weld | D20: m | E20: 0 | G20: Rate Only
A21: 6.6 | B21: 8.3.6 | C21: Holding down (HD) bolts for column bases
A22: 6.6.1 | C22: M16 | D22: No | E22: 10
A23: 6.6.2 | C23: M20 | D23: No | E23: 8
A24: 6.6.3 | C24: M25 | D24: No | E24: 2
A25: 6.7 | B25: 8.3.7 | C25: Handrails
A26: 6.7.1 | C26: Handrail assembly complete, including all rails, stanchions, bends, end closures, bolts, nuts, washers etc (Galvanised Steel industrial type) | D26: m | E26: 45
A27: 6.8 | B27: 8.3.9 | C27: Flooring
C28: Open grid floors complete and installed with Frames (Medium duty walkway, Vitagrid VE or similar approved)
A29: 6.8.1 | C29: For a maximum span up to 1.0m | D29: Prov Sum | E29: 1
A30: 6.8.2 | C30: For a maximum span up to 2.4m | D30: Prov Sum | E30: 1
A31: 6.9 | C31: Access Ladders
A32: 6.9.1 | C32: Stainless steel (Grade 316) access ladders with safety cage as per detail shown on drawings. (Inside wet sump) | D32: Prov Sum | E32: 1
A33: 6.9.2 | C33: Mild steel (Galvanised) access ladders with safety cage as per detail shown on drawings. (Inside overflow box) | D33: Prov Sum | E33: 1
A34: 6.1 | C34: Sluice Gates / Flag gates
A35: 6.10.1 | C35: Stainless Steel (Grade 316) sluice gates as per detail provided in tender specifications (C3.1.13.5)
A36: 6.10.1.1 | C36: Type 1 - 700mm (w) x 800mm (d) sluice, manually operated with hand wheel (By Gereg or similar approved supplier) | D36: Prov Sum | E36: 4
A37: 6.10.1.2 | C37: Supply and install 3Cr12 Stainless Steel flap gate as per detail shown on drawings | D37: Prov Sum | E37: 1
A38: 6.11 | C38: Mechanical Protection
A39: 6.11.1 | C39: Stainless Steel Screen as per detail shown on drawing (Fine Screen with 50mm openings) | D39: Prov Sum | E39: 1
A40: 6.11.2 | C40: Stainles Steel Screen as per detail shown on drawing (Course Screen with 75mm openings) | D40: Prov Sum | E40: 1
C41: Grit and Sand Removal from Inletworks
C42: Stainless steel (Grade 316) baskets for removal of grid and sand according to drawings, including all hooks, chains,hinges and mesh. All material shall be Grade 316 S/S. | D42: Prov Sum | E42: 1
A43: 6.12 | C43: Pipesupports
A44: 6.12.1 | C44: Stainless Steel (Grade 304L) Pipe supports for suction pipeworks as per detail shown on drawing | D44: Prov Sum | E44: 1
C45: Mild Steel epoxy coated Pipe Supports for delivery pipeworks as per detail shown on drawings | D45: Prov Sum | E45: 1
A46: 6.13 | C46: Block and Tackle Chain Hoist
A47: 6.13.1 | C47: Make provision for the supply and installation of a block and tackle chain hoist (Capacity 1500kg) | D47: Prov Sum | E47: 1
A48: 6.14 | C48: Rainwater Spouts
A49: 6.14.1 | C49: Make provions for the supply and installation of 50mm galvanised steel rainwater spouts as per detail shown on drawings | D49: Prov Sum | E49: 1
A50: 6.15 | B50: 8.3.10 | C50: Non-destructive testing
A51: 6.15.1 | C51: Load test and load certificate by an accredited supplier for structural steel items. Engineer to supply the required design capacity details. | D51: Prov Sum | E51: 1
A52: 6.16 | B52: 8.3.13 | C52: Corrosion Protection
A53: 6.16.1 | C53: Hot dip galvanising of structural steel items | D53: Prov Sum | E53: 1
A54: 6.16.2 | C54: Copon coated or fusion bonded powdered epoxy of structural steel items | D54: Prov Sum | E54: 1
A56: TOTAL SECTION 6 CARRIED FORWARD TO MAIN SUMMARY | F56: 0

Sheet SECTION 7
A1: DS35 - BOQ - WINBURG/MAKELEKETLA: CONSTRUCTION OF OUTFALL SEWER AND RECTIFICATION OF EXISTING SEWER NETWORK
A2: ITEM | B2: PAYMENT | C2: DESCRIPTION | D2: UNIT | E2: QTY | F2: RATE | G2: AMOUNT
A3: 7 | C3: SECTION 7 : MECHANICAL EQUIPMENT
A4: 7.1 | C4: SEWAGE PUMPS
A5: 7.1.1 | C5: Remove existing pipeworks, pumps and electrical equipment | D5: Prov Sum | E5: 1 | F5: 10000 | G5: =E5*F5 -> 10000
A6: 7.1.2 | C6: Demolish existing concrete plinths and construct new concrete plinths suitable for new pumps | D6: Prov Sum | E6: 1 | F6: 10000 | G6: =E6*F6 -> 10000
A7: 7.1.3 | C7: Supply and Install 2 x Gorman Rupp T6 mounted on a base and coupled to a 22/4p/380v electric motor. All mounted on a base complete with belts, pulleys, brushes and guards. Air release valve supplied loose.
A8: 7.1.3.1 | C8: SEWAGE pumps & motors, to be installed in pump station: Selfpriming pumps with soft starters, all mounted on common baseplates incl all couplings. Duty and standby arrangement. Duty of each pump: 0.039m3/s at total static head of 17.0m. Dynamic losses at peak flow is 5.2m. Including all presure gauges and chemi-seals. Including Manufacturers Air Release Valve for Delivery pipework | D8: Prov Sum | E8: 1 | F8: 780000 | G8: =E8*F8 -> 780000
A9: 7.1.4 | C9: Contractors profit for the supply and installation of pumps in respect of item 4.1.3 above | D9: % | E9: =G8 -> 780000
A10: 7.1.5 | C10: Drainage Pump: Provision of a submersible, float controlled drainage pump (0.5l/s, head 5m) for gland leakages and incidental leakage in the pump station dry well. See C3.1.4.5 for specification. | D10: Sum | E10: 1
A11: 7.1.6 | C11: Commission SEWAGE pumping equipment | D11: Sum | E11: 1
A12: 7.1.7 | C12: Transportation of pumps to site | D12: Sum | E12: 1
A13: 7.1.8 | C13: SUPPLY, DELIVER AND INSTALL SUCTION AND DELIVERY PIPEWORK. (See pipeschedule drawings for pipe material, coating, class and drilling specifications)
A14: 7.1.8.1 | C14: A1-200mmØ x 150mmØ MILD STEEL CONCENTRIC REDUCER FLANGED BOTH ENDS WITH PRESSURE GAUGE | D14: Prov Sum | E14: 1 | F14: 10000 | G14: =E14*F14 -> 10000
A15: 7.1.8.2 | C15: A2-200mmØ DUAL PLATE CHECK VALVE, DOUBLE FLANGED | D15: Prov Sum | E15: 1 | F15: 10000 | G15: =E15*F15 -> 10000
A16: 7.1.8.3 | C16: A3-200mmØ MILD STEEL DISTANCE PIECE WITH THRUST RING FLANGED ONE END | D16: Prov Sum | E16: 1 | F16: 10000 | G16: =E16*F16 -> 10000
A17: 7.1.8.4 | C17: A4-200mmØ VIKING JOHNSON FLANGE ADAPTOR | D17: Prov Sum | E17: 1 | F17: 10000 | G17: =E17*F17 -> 10000
A18: 7.1.8.5 | C18: A5-200mmØ RESILIENT SEAL GATE VALVE 10 BAR RATED, SABS 664 SPECIFICATION (AVK OR SIMILAR APPROVED) | D18: Prov Sum | E18: 1 | F18: 10000 | G18: =E18*F18 -> 10000
A19: 7.1.8.6 | C19: A6-200mmØ x 90° MILD STEEL SHORT RADIUS BEND FLANGED BOTH ENDS WITH PUMP MANUFACTURERS AIR VALVE FITTED TO BEND | D19: Prov Sum | E19: 1 | F19: 10000 | G19: =E19*F19 -> 10000
A20: 7.1.8.7 | C20: A7-200mmØ MILD STEEL MEDIUM RADIUS SWEEP TEE FLANGED ALL ENDS | D20: Prov Sum | E20: 1 | F20: 10000 | G20: =E20*F20 -> 10000
A21: 7.1.8.8 | C21: A8-200mmØ x 90° MILD STEEL MEDIUM RADIUS BEND FLANGED BOTH ENDS | D21: Prov Sum | E21: 1 | F21: 10000 | G21: =E21*F21 -> 10000
A22: 7.1.8.9 | C22: A9-200mmØ MILD STEEL DISTANCE PIECE FLANGED BOTH ENDS | D22: Prov Sum | E22: 1 | F22: 10000 | G22: =E22*F22 -> 10000
A23: 7.1.8.10 | C23: A10-200mmØNON-RETURN SWING CHECK VALVE 10 BAR RATED, SABS 144/1974 SPECIFICATION (AVK OR SIMILAR APPROVED) | D23: Prov Sum | E23: 1 | F23: 10000 | G23: =E23*F23 -> 10000
A24: 7.1.8.11 | C24: A11-200mmØ MILD STEEL DISTANCE PIECE FLANGED BOTH ENDS | D24: Prov Sum | E24: 1 | F24: 10000 | G24: =E24*F24 -> 10000
A25: 7.1.8.12 | C25: A12-200mmØ DOUBLE FLANGED ELECTROMAGNETIC FLOW METER (AVK OR SIMILAR APPROVED) | D25: Prov Sum | E25: 1 | F25: 10000 | G25: =E25*F25 -> 10000
... A36: 7.1.9 | C36: Commission of all of the above equipment | D36: Prov Sum | E36: 1 | F36: 10000 | G36: =E36*F36 -> 10000
A37: 7.2 | C37: INLETWORKS MECHANICAL EQUIPMENT
A38: 7.2.1 | C38: Supply and deliver mechanical grinder inlcluding all associated electrical works according to specification C3.1.5. | D38: Prov Sum | E38: 1 | F38: =241470*1.5 -> 362205 | G38: =E38*F38 -> 362205
A39: 7.2.2 | C39: Commission all of the above equipment (7.2.1) | D39: sum | E39: 1
A41: TOTAL SECTION 7 TOTAL SECTION 7 CARRIED FORWARD TO MAIN SUMMARY

Sheet SECTION 8
A1: DS35 - BOQ - WINBURG/MAKELEKETLA: CONSTRUCTION OF OUTFALL SEWER AND RECTIFICATION OF EXISTING SEWER NETWORK
A2: ITEM | B2: PAYMENT | C2: DESCRIPTION | D2: UNIT | E2: QTY | F2: RATE | G2: AMOUNT
A3: 8 | C3: SECTION 8 : DAYWORKS
A4: 8.1 | C4: MATERIAL
A5: 8.1.1 | C5: Cement: Per 50kg pocket delivered | D5: No | E5: 1 | G5: Rate Only
A6: 8.1.2 | C6: Sand: Per cubic metre delivered | D6: m3 | E6: 1 | G6: Rate Only
A7: 8.1.3 | C7: 38mm - Nom Stone: Per cubic metre delivered | D7: m3 | E7: 1 | G7: Rate Only
A8: 8.1.4 | C8: 19mm - Nom Stone: Per cubic metre delivered | D8: m3 | E8: 1 | G8: Rate Only
A9: 8.1.5 | C9: 13mm - Nom Stone: Per cubic metre delivered | D9: m3 | E9: 1 | G9: Rate Only
A10: 8.1.6 | C10: Clay Face Bricks: Per 1000 bricks delivered | D10: No | E10: 1 | G10: Rate Only
A11: 8.1.7 | C11: Engineering Clay Bricks: Per 1000 bricks delivered | D11: No | E11: 1 | G11: Rate Only
A13: 8.2 | C13: LABOUR
A14: 8.2.1 | C14: Foreman | D14: weeks | E14: 1 | G14: Rate Only
A15: 8.2.2 | C15: Ass Foreman | D15: weeks | E15: 1 | G15: Rate Only
A16: 8.2.3 | C16: Steel Erectors | D16: hour | E16: 1 | G16: Rate Only
A17: 8.2.4 | C17: Sheet Layers | D17: hour | E17: 1 | G17: Rate Only
A18: 8.2.5 | C18: Carpenters | D18: hour | E18: 1 | G18: Rate Only
A19: 8.2.6 | C19: Painters | D19: hour | E19: 1 | G19: Rate Only
A20: 8.2.7 | C20: Gangers | D20: hour | E20: 1 | G20: Rate Only
A21: 8.2.8 | C21: Unskilled labour | D21: days | E21: 1 | G21: Rate Only
A22: 8.2.9 | C22: Plumbers | D22: days | E22: 1 | G22: Rate Only
A23: 8.2.10 | C23: Brick layers | D23: days | E23: 1 | G23: Rate Only
A25: 8.3 | C25: TRANSPORT
A26: 7.3.1 | C26: LDV | D26: km | E26: 1 | G26: Rate Only
A27: 7.3.2 | C27: Flatbed Truck | D27: km | E27: 1 | G27: Rate Only
A29: 7.4 | C29: PLANT
A30: 7.4.1 | C30: Backacter ………………………………………. | D30: hour | E30: 1 | G30: Rate Only
A31: 7.4.2 | C31: Backacter ………………………………………. | D31: hour | E31: 1 | G31: Rate Only
A32: 7.4.3 | C32: Backacter ………………………………………. | D32: hour | E32: 1 | G32: Rate Only
A33: 7.4.4 | C33: Backacter ………………………………………. | D33: hour | E33: 1 | G33: Rate Only
A34: 7.4.5 | C34: Backacter Case ………………………………. | D34: hour | E34: 1 | G34: Rate Only
A35: 7.4.6 | C35: Loader ………………………………………………… | D35: hour | E35: 1 | G35: Rate Only
A36: 7.4.7 | C36: Tippers …………….m3 | D36: hour | E36: 1 | G36: Rate Only
A37: 7.4.8 | C37: Compressor …………………………………………c.f.m | D37: hour | E37: 1 | G37: Rate Only
A38: 7.4.9 | C38: Grader …………………………………………………………….. | D38: hour | E38: 1 | G38: Rate Only
A39: 7.4.10 | C39: Bulldozer …………………………………………………………. | D39: hour | E39: 1 | G39: Rate Only
A40: 7.4.11 | C40: Bulldozer …………………………………………………………. | D40: hour | E40: 1 | G40: Rate Only
A41: 7.4.12 | C41: Water Truck ……………………………………………………. | D41: hour | E41: 1 | G41: Rate Only
A45: TOTAL SECTION 8 CARRIED FORWARD TO MAIN SUMMARY | G45: =SUM(G5:G44) -> 0

Sheet BILL B
A1: DS35 - BOQ - WINBURG/MAKELEKETLA: CONSTRUCTION OF OUTFALL SEWER AND RECTIFICATION OF EXISTING SEWER NETWORK
A2: BILL B: L.T. CABLES
A3: Item No. | B3: Short Description | C3: Unit | D3: Qty | E3: Rate | F3: Amount
A5: B.1 | B5: Cable Trenching
B7: Excavate of cable trench in pickable hard rock, backfill, compact and consolidate. 300mm wide by 700mm deep. | C7: m³ | D7: 20
A9: B.2 | B9: PVC SWA PVC multi-core cable (Include for delivery, offloading storage)
A11: B.2.1 | B11: 95mm² 4-core
B12: Supply | C12: m | D12: 100
B13: Install in trenches | C13: m | D13: 90
B14: Install on cable trays | C14: m | D14: 10
A16: B.2.2 | B16: 70mm² 3-core
B17: Supply | C17: m | D17: 60
B18: Install in trenches on cable tray | C18: m | D18: 50
B19: Install on cable trays | C19: m | D19: 10
A21: B.2.3 | B21: 10mm² 4-core
B22: Supply | C22: m | D22: 20
B23: Install on cable trays | C23: m | D23: 20
A25: B.2.4 | B25: 10mm² 5-core
B26: Supply | C26: m | D26: 20
B27: Install on cable trays | C27: m | D27: 20
A29: B.3 | B29: Cable end terminations
B30: (Supply & Install)
A32: B.3.1 | B32: 95mm² Cu cable | C32: No | D32: 2
A34: B.3.2 | B34: 70mm² Cu cable (Insulated) | C34: No | D34: 4
A36: B.3.3 | B36: 10mm² Cu cable | C36: No | D36: 2
A38: B.4 | B38: Copper earth conductor
A40: B.4.1 | B40: 50mm²
B41: Supply | C41: m | D41: 100
B42: Install | C42: m | D42: 100
A44: B.4.2 | B44: 35mm² Insulated
B45: Supply | C45: m | D45: 60
B46: Install | C46: m | D46: 60
A48: B.3 | B48: Cable markers
B49: Supply | C49: No | D49: 3
B50: Install | C50: No | D50: 3
A52: B.4 | B52: Excavations & compacting
B53: Ground | C53: m³ | D53: 12
B54: Soft Rock | C54: m³ | D54: 6
B55: Hard Rock | C55: m³ | D55: 4
A57: B.5 | B57: Galvanized conduit for cable sleeves; complete with saddles
B58: (Supply & Install)
B59: 25mm ø | C59: m | D59: 30
B60: 32mmø | C60: m | D60: 50
B61: 75mmø | C61: m | D61: 60
A63: TOTAL BILL B CARRIED FORWARD TO MAIN SUMMARY | F63: R

Sheet BILL C 
A1: DS35 - BOQ - WINBURG/MAKELEKETLA: CONSTRUCTION OF OUTFALL SEWER AND RECTIFICATION OF EXISTING SEWER NETWORK
A2: BILL C: MAIN DISTRIBUTION BOARD (MCC)
A3: Item No. | B3: Short Description | C3: Unit | D3: Qty | E3: Rate | F3: Amount
A6: C.1 | B6: New control free standing distribution board and MCC complete with padlockable front panels
A8: C.1.1 | B8: Panel - 1: Main Switch | C8: No | D8: 1
B9: Panel - 2: Local Distribution Board | C9: No | D9: 1
B10: Panel - 3: Pump No. 1 (45kW) | C10: No | D10: 1
B11: Panel - 4: Pump No. 2 (45kW) | C11: No | D11: 1
B15: Installation of Board and connections | C15: Item | D15: Sum
A17: C1.2 | B17: Supply and Install a Diesel Generator (Back-up Power) | C17: Prov. Sum | D17: 1 | E17: 1 | F17: 600000
A43: TOTAL BILL C CARRIED FORWARD TO MAIN SUMMARY | F43: R

Sheet BILL D
A1: DS35 - BOQ - WINBURG/MAKELEKETLA: CONSTRUCTION OF OUTFALL SEWER AND RECTIFICATION OF EXISTING SEWER NETWORK
A2: BILL D: EMERGENCY STOP & CONTROL CABLES
A3: Item No. | B3: Short Description | C3: Unit | D3: Qty | E3: Rate | F3: Amount
A6: D.1 | B6: Emergency stop switch and pedestal
A8: D.1.1 | B8: 50mm dia. 1.2m high, 2mm thick steel pole complete with 120x120x6mm thick base plate at the bottom with a safety housing on top of pedestal, constructed of 1.6mm sheet metal to house and mount an emergency stop switch as a unit. The base plate must have 4-15mm ø holes to be fixed to the concrete floor with 4-12mm ø expansion bolts. The pedestal will be with a 20mm ø hole 50mm from floor level and 200mm from the top to allow for the control cable to be pulled inside the pedestal. The complete pedestal will be with a under coat and two final coats of PWD Brown paint.
B9: Supply | C9: No | D9: 2
B10: Install | C10: No | D10: 2
A12: D.1.2 | B12: Emergency stop switch to be mounted on pedestal
B13: Supply | C13: No | D13: 2
B14: Install | C14: No | D14: 2
B15: Connect | C15: No | D15: 2
A17: D.2 | B17: Control cables
B18: PVC insulated cables
B19: Supply and install on cable trays
A20: D.2.1 | B20: 1.5mm² 2-core | C20: m | D20: 30
A21: D.2.2 | B21: 1.5mm² 4-core | C21: m | D21: 30
A22: D.2.3 | B22: 1.5mm² 7-core | C22: m | D22: 30
A24: D.3 | B24: 63A. 5-pin industrial socket suitable for wall mount complete with plug in unit (oval) as supplied by Waco or other approved type
B25: Supply | C25: No | D25: 1
B26: Install | C26: No | D26: 1
A28: D.4 | B28: Heavy duty hot dipped galvanized cable trays.
B29: Supply & Install
A31: D.4.1 | B31: 100mm wide fixed to wall | C31: m | D31: 20
A32: D.4.2 | B32: 150mm wide fixed to wall | C32: m | D32: 12
A34: D.5.1 | B34: Galvanized Bends
B35: 100mm wide | C35: No | D35: 2
B36: 150mm wide | C36: No | D36: 2
A38: D.5.2 | B38: Galvanized T-section
B39: 100mm wide | C39: No | D39: 2
B40: 150mm wide | C40: No | D40: 1
A42: D.6 | B42: PVC cable sleeve
B43: Supply & Install
A44: D.6.1 | B44: 50mm ø | C44: m | D44: 12
A45: D.6.2 | B45: 110mm ø | C45: m | D45: 2
A46: D.6.3 | B46: 50mm ø slow bend (90°) | C46: No | D46: 2
A47: D.6.4 | B47: 110mm ø slow bend (90°) | C47: No | D47: 2
A49: D.7 | B49: Pressure Transmitter Devices complete with all software and hardware wiring
B50: Supply | C50: No | D50: 2 | F50: Rate Only
B51: Install | C51: No | D51: 2 | F51: Rate Only
A53: D.8 | B53: Ultrasonic Level Transducers complete with mounting brackets and 30m screened cable and all software and hardware wiring
B54: Supply | C54: No | D54: 2
B55: Install | C55: No | D55: 2
A57: D.9 | B57: PLC/RTU- HMI: Touch screen, colour screen, MODBUS. Including wiring and programming
B58: Supply | C58: No | D58: 1 | F58: Rate Only
B59: Install | C59: No | D59: 1 | F59: Rate Only
A61: TOTAL BILL D CARRIED FORWARD TO MAIN SUMMARY | F61: R

Sheet BILL E
A1: DS35 - BOQ - WINBURG/MAKELEKETLA: CONSTRUCTION OF OUTFALL SEWER AND RECTIFICATION OF EXISTING SEWER NETWORK
A2: BILL E: PUMP STATION BUILDINGS
A3: Item No. | B3: Short Description | C3: Unit | D3: Qty | E3: Rate | F3: Amount
A6: E.1 | B6: Pumpstation buildings
A8: E.1.1 | B8: 25mm dia. galvanized steel conduit in concrete
B9: Supply | C9: m | D9: 10
B10: Install | C10: m | D10: 10
A12: E.1.2 | B12: 20mm dia. galvanized steel conduit recessed in wall
B13: Supply | C13: m | D13: 6
B14: Install | C14: m | D14: 6
A16: E.1.3 | B16: 20mm dia. galvanized steel in ceiling
B17: Supply | C17: m | D17: 40
B18: Install | C18: m | D18: 40
A20: E.1.4 | B20: 20mm dia. galvanized conduit casted in slab
B21: Supply | C21: m | D21: 15
B22: Install | C22: m | D22: 15
A24: E.1.5 | B24: 2.5mm² PVC insulated stranded coper conductor in conduit
B25: Supply | C25: m | D25: 100
B26: Install | C26: m | D26: 100
A28: E.1.6 | B28: 2.5mm² BCEW in conduit
B29: Supply | C29: m | D29: 50
B30: Install | C30: m | D30: 50
A32: E.1.7 | B32: 65mm dia. draw boxes
B33: Supply | C33: No | D33: 6
B34: Install | C34: No | D34: 6
A36: E.1.8 | B36: 100 x 50 x 50mm surface mounted draw boxes
B37: Supply | C37: No | D37: 2
B38: Install | C38: No | D38: 2
A40: E.1.9 | B40: 16A one way/single lever light switches with cover plate
B41: Supply | C41: No | D41: 2
B42: Install | C42: No | D42: 2
A44: E.1.10 | B44: Luminaires as per specification
B45: Type A
B46: Anti-corrosive LED luminaire with Aluminum body and clear tempered glass diffuser with IP rating IP65 complete with a 70W LED lamp
B47: Supply | C47: Qty | D47: 4
B48: Install | C48: Qty | D48: 4
B50: Type F3
B51: Vapour proof 2x58W fluorescent luminaire similar or equal to C10-258-ELB of LASCON
B52: Supply | C52: Qty | D52: 6
B53: Install | C53: Qty | D53: 6
A55: E.1.11 | B55: 16A Photocell switch as supplied by “Waco” or other approved type
B56: Supply | C56: No | D56: 1
B57: Install | C57: No | D57: 1
B60: Carried forward
A64: Item | B64: Short Description | C64: Unit | D64: Qty | E64: Rate | F64: Amount
A65: No.
B67: Brought forward
A70: E.2 | B70: Plug socket outlet circuits
A72: E.2.1 | B72: 20mm dia. galvanized steel conduit in floor
B73: Supply | C73: m | D73: 6
B74: Install | C74: m | D74: 6
A76: E.2.2 | B76: 20mm dia. galvanized steel conduit in wall
B77: Supply | C77: m | D77: 24
B78: Install | C78: m | D78: 24
A80: E.2.3 | B80: 4mm² PVC insulated stranded copper in conduit
B81: Supply | C81: m | D81: 80
B82: Install | C82: m | D82: 80
A84: E.2.4 | B84: 2.5mm² BCEW in conduit
B85: Supply | C85: No | D85: 40
B86: Install | C86: No | D86: 40
A88: E.2.5 | B88: 16A - 3 pin plug socket outlet with cover plate
B89: Supply | C89: No | D89: 1
B90: Install | C90: No | D90: 1
A92: E.3 | B92: Special Points
A94: E.3.1 | B94: 20mm dia. galvanized steel conduit casted in slabs
B95: Supply | C95: m | D95: 4
B96: Install | C96: m | D96: 4
A98: E.3.2 | B98: 20mm dia. galvanized steel conduit in wall
B99: Supply | C99: m | D99: 4
B100: Install | C100: m | D100: 4
A102: E.3.3 | B102: 6mm² PVC insulated stranded copper conductors in conduit
B103: Supply | C103: m | D103: 15
B104: Install | C104: m | D104: 15
A106: E.3.4 | B106: 4mm² BCEW in conduit
B107: Supply | C107: m | D107: 15
B108: Install | C108: m | D108: 15
A110: E.3.5 | B110: 100 x 100 x 50mm surface mounted draw boxes
B111: Supply | C111: No | D111: 5
B112: Install | C112: No | D112: 5
A123: TOTAL BILL E CARRIED FORWARD TO MAIN SUMMARY | F123: R

Sheet BILL F
A1: DS35 - BOQ - WINBURG/MAKELEKETLA: CONSTRUCTION OF OUTFALL SEWER AND RECTIFICATION OF EXISTING SEWER NETWORK
A2: BILL F: LIGHTNING PROTECTION
A3: Item No. | B3: Short Description | C3: Unit | D3: Qty | E3: Rate | F3: Amount
A6: F.1 | B6: Lightning Protection for building and reservoirs in accordance with SANS 10313
B8: Supply & Install
A10: F.1.1 | B10: Aluminium alloy roof conductor | C10: m | D10: 20
A12: F.1.2 | B12: Aluminium alloy brackets | C12: Item | D12: 12
A14: F.1.3 | B14: Aluminium alloy loops (600mm) | C14: Item | D14: 2
A16: F.1.4 | B16: Aluminium alloy down conductors (2.5m) | C16: Item | D16: 2
A18: F.1.5 | B18: Test connectors | C18: Item | D18: 2
A20: F.1.6 | B20: 50mm² PVC insulated Cu conductor 3.7m | C20: Item | D20: 2
A22: F.1.7 | B22: Earth rods 1200mm with 16mm dia. | C22: Item | D22: 2
A24: F.1.8 | B24: 20mm dia. galvanized conduit 2.5m with 3 –spacer saddles | C24: Item | D24: 2
A26: F.1.9 | B26: Copper stand spike 1.5m in length | C26: Item | D26: 2
A28: F.1.10 | B28: Items not specifically mentioned, by which tenderers want listed separately and required for complete installation
C29: Item | D29: Sum
B30: a)
B32: b)
B34: c)
B36: d)
B38: e)
A40: F.1.11 | B40: Testing and certificated of compliance for Lightning Protection | C40: Item | D40: Sum
A47: TOTAL BILL F CARRIED FORWARD TO MAIN SUMMARY | F47: R

Sheet BILL G
A1: DS35 - BOQ - WINBURG/MAKELEKETLA: CONSTRUCTION OF OUTFALL SEWER AND RECTIFICATION OF EXISTING SEWER NETWORK
A2: BILL G: GENERAL ITEMS
A3: Item No. | B3: Short Description | C3: Unit | D3: Qty | E3: Rate | F3: Amount
A6: G.1 | B6: Earthing
A8: G.1.1 | B8: 70mm² earth conductor | C8: m | D8: 40
A10: G.1.2 | B10: Earth Rods | C10: Item | D10: 2
A12: G.2 | B12: Items not specifically mentioned but, which tenderers want listed separately and required for complete installation
B14: a)
B16: b)
B18: c)
B20: d)
B22: e)
A24: G.3 | B24: Testing and commissioning
B25: Electrical Installations | C25: Item | D25: Sum
A27: G.4 | B27: Site meetings and inspections | C27: Item | D27: Sum
A29: G.5 | B29: Wooden board with perspex cover and frame with line diagrams of control board (circuit) | C29: Item | D29: Sum
A31: G.6 | B31: Fire Extinguisher | C31: Qty | D31: 1
A33: G.7 | B33: Operation and Maintenance Manuals
B35: Originals (2-sets/control board) | C35: Item | D35: Sum
A36: G.8 | B36: Notices and maintenance as specified per pump station | C36: Item | D36: Sum
A38: G.9 | B38: All test results carried out during testing of installation | C38: Item | D38: Sum
A49: TOTAL BILL G CARRIED FORWARD TO MAIN SUMMARY | F49: R

Sheet SUMMARY
A1: DS35 - BOQ - WINBURG/MAKELEKETLA: CONSTRUCTION OF OUTFALL SEWER AND RECTIFICATION OF EXISTING SEWER NETWORK
A2: SUMMARY
A4: ='SECTION 1'!C3 -> SECTION 1 : PRELIMINARY AND GENERAL | F4: R
A5: ='SECTION 2'!C3 -> SECTION 2 : OUTFALL SEWER | F5: R
A6: ='SECTION 3'!C3 -> SECTION 3 : RECTIFICATION OF EXISTING SEWER NETWORK | F6: R
A7: ='SECTION 4'!C3 -> SECTION 4 : RISING MAIN | F7: R
A8: ='SECTION 5'!C3 -> SECTION 5: SEWAGE PUMP STATION | F8: R
A9: ='SECTION 6'!C3 -> SECTION 6 : STRUCTURAL STEEL | F9: R
A10: ='SECTION 7'!C3 -> SECTION 7 : MECHANICAL EQUIPMENT | F10: R
A11: ='SECTION 8'!C3 -> SECTION 8 : DAYWORKS | F11: R
A12: ='BILL B'!A2:B2 -> BILL B: L.T. CABLES | F12: R
A13: ='BILL C '!A2:B2 -> BILL C: MAIN DISTRIBUTION BOARD (MCC) | F13: R
A14: ='BILL D'!A2:C2 -> BILL D: EMERGENCY STOP & CONTROL CABLES | F14: R
A15: ='BILL E'!A2:B2 -> BILL E: PUMP STATION BUILDINGS | F15: R
A16: ='BILL F'!A2:B2 -> BILL F: LIGHTNING PROTECTION | F16: R
A17: ='BILL G'!A2:B2 -> BILL G: GENERAL ITEMS | F17: R
A19: SUBTOTAL A | F19: R
A21: CONTINGENCIES @10% | F21: R
A24: SUBTOTAL B | F24: R
A27: Escalation Allowance CPA @5% | F27: R
A30: SUBTOTAL C | F30: R
A33: Add 15% V.A.T. | F33: R
A36: TOTAL TENDERED AMOUNT (INCL. VAT) | F36: R
